 Dungeon Crawl Stone Soup version 0.18-a0-1293-g5a2c81a (webtiles) character file.

16239 Tomstefer the Thaumaturge (level 12, -1/75 HPs)
             Began as a Gargoyle Fire Elementalist on Feb 10, 2016.
             Was a High Priest of Vehumet.
             Slain by an eight-headed hydra (8 damage)
             ... on level 4 of the Lair of Beasts.
             The game lasted 01:22:50 (19513 turns).

Tomstefer the Thaumaturge (GrFE)                   Turns: 19513, Time: 01:22:50

Health: -1/75      AC: 16    Str: 11    XL:     12   Next: 35%
Magic:  24/40      EV: 15    Int: 22    God:    Vehumet [*****.]
Gold:   693        SH:  0    Dex: 15    Spells: 8 memorised, 5 levels left

rFire  + . .     SeeInvis .     K - staff of power
rCold  + . .     Gourm    .     q - +2 robe {rC+ rF+}
rNeg   + . .     Faith    .     (no shield)
rPois  ∞         Spirit   .     (no helmet)
rElec  +         Dismiss  .     C - +2 cloak
rCorr  .         Reflect  .     (no gloves)
SustAt +         Harm     .     (no boots)
MR     .....                    x - amulet of regeneration
Stlth  ++........               n - ring of sustain attributes
                                y - +5 ring of dexterity

@: not resistant to hostile enchantments, unstealthy
A: negative energy resistance 1, electricity resistance, unbreathing,
petrification resistance, rot immunity, AC +8
a: Renounce Religion


You were on level 4 of the Lair of Beasts.
You worshipped Vehumet.
Vehumet was extremely pleased with you.
You were not hungry.

You visited 2 branches of the dungeon, and saw 12 of its levels.

You collected 693 gold pieces.

Inventory:

Hand Weapons
 e - a +2 whip of electrocution
 h - a +3 whip of freezing
Armour
 q - a +2 robe of resistance (worn)
 A - a +0 leather armour of fire resistance
 C - a +2 cloak (worn)
Magical Staves
 K - an uncursed staff of power (weapon)
Jewellery
 n - a ring of sustain attributes (right hand)
 p - an uncursed ring of ice
 x - an amulet of regeneration (around neck)
 y - a +5 ring of dexterity (left hand)
Wands
 o - a wand of slowing (22/48)
 t - a wand of teleportation (1/9)
 z - a wand of disintegration (23/24)
 B - a wand of disintegration (5/24)
 J - a wand of confusion (13/48)
Scrolls
 f - a scroll of fog
 j - a scroll of fear
 m - 3 scrolls of remove curse
 v - 3 scrolls of teleportation
 D - a scroll of enchant armour
 F - a scroll of brand weapon
Potions
 a - 2 potions of flight
 d - 3 potions of curing
 k - a potion of heal wounds
 l - a potion of mutation {unknown}
 u - a potion of brilliance
 w - 2 potions of agility
 G - a potion of beneficial mutation {unknown}
Books
 b - a book of Flames

   Spells                             Type                      Level
   a - Flame Tongue                   Conjuration/Fire             1
   b - Throw Flame                    Conjuration/Fire             2
   c - Conjure Flame                  Conjuration/Fire             3
   d - Inner Flame                    Hexes/Fire                   3
   e - Sticky Flame                   Conjuration/Fire             4
   f - Fireball                       Conjuration/Fire             5
 r - a book of Hinderance

   Spells                             Type                      Level
   a - Confusing Touch                Hexes                        2
   b - Confuse                        Hexes                        3
   c - Gell's Gravitas                Hexes/Translocation          3
   d - Petrify                        Transmutation/Earth          4
   e - Metabolic Englaciation         Hexes/Ice                    5
   f - Yara's Violent Unravelling     Hexes/Transmutation          5
Comestibles
 c - 6 bread rations
 g - 5 meat rations
 i - a royal jelly
 s - a fruit
 H - a slice of pizza


   Skills:
 + Level 8.7 Fighting
 - Level 6.9 Maces & Flails
 - Level 5.3 Armour
 + Level 6.1 Dodging
 - Level 2.1 Stealth
 + Level 9.5 Spellcasting
 - Level 6.5 Conjurations
 - Level 7.0 Fire Magic
 + Level 6.8 Air Magic
 - Level 4.6 Evocations


You had 5 spell levels left.
You knew the following spells:

 Your Spells              Type           Power        Failure   Level  Hunger
a - Fireball              Conj/Fire      #####.....   3%          5    ####...
b - Conjure Flame         Conj/Fire      #####...     1%          3    None
c - Sting                 Conj/Pois      ###.         1%          1    None
d - Sticky Flame          Conj/Fire      #####...     1%          4    ##.....
e - Flame Tongue          Conj/Fire      #####        1%          1    None
f - Mephitic Cloud        Conj/Pois/Air  ####....     1%          3    None
g - Static Discharge      Conj/Air       #####...     1%          3    None
h - Lightning Bolt        Conj/Air       #####.....   3%          5    ####...


Dungeon Overview and Level Annotations

Branches:
Dungeon (8/15)             Temple (0/1) D:5            Lair (4/8) D:8
 Shoals (0/4) Lair:3       Spider (0/4) Lair:3

Altars:
Ashenzari
Cheibriados
Dithmenos
Fedhas
Gozag
Nemelex Xobeh
Okawaru
Pakellas
Qazlal
Sif Muna
Vehumet
Xom
Zin


Innate Abilities, Weirdness & Mutations

You are resistant to torment.
Your stone body is resilient (AC +8).
You are immune to poison.
You resist negative energy.
You are resistant to electric shocks.
You can survive without breathing.
You are immune to petrification.
You are immune to rotting.


Message History

The eight-headed hydra bites you but does no damage.
The eight-headed hydra bites you!
* * * LOW HITPOINT WARNING * * *
The eight-headed hydra misses you. x2
The eight-headed hydra bites you but does no damage. x2
The eight-headed hydra barely misses you.
The eight-headed hydra burns!
Casting: Lightning Bolt
Confirm with . or Enter, or press ? or * to list all spells.
Aiming: Mephitic Cloud
Press: ? - help, Shift-Dir - straight line, p - eight-headed hydra The ball explodes into a vile cloud!
The stinking cloud engulfs the eight-headed hydra.
The eight-headed hydra is severely wounded.
The stinking cloud engulfs the plant.
The stinking cloud engulfs you!
The eight-headed hydra burns!
The eight-headed hydra burns!
The eight-headed hydra barely misses you.
The eight-headed hydra bites you!
You die...

#. #.F ##
##..##P###
.........
.......
..P.# #..#
##@# #.D##
##§P# #§§#
#.####
##.#..##..
#....§...#
#..P§#....
#.........


You could see an eight-headed hydra (burning) and a spiny frog (wandering).

Vanquished Creatures
  Fannar (Lair:1)
  A death yak (D:7)
  Pikel (D:3)
  A griffon (Lair:3)
  A manticore (Lair:3)
  4 elephants
  4 black mambas
  A fire drake (Lair:1)
  2 komodo dragons (Lair:2)
  Prince Ribbit (Lair:3)
  Grinder (D:5)
  5 blink frogs
  Sigmund (D:4)
  The ghost of Pikaro the Nimble, an amateur DEWn of Sif Muna (D:5)
  6 hippogriffs
  7 yaks
  2 hungry ghosts (D:7)
  3 wolves (Lair:2)
  7 water moccasins
  4 porcupines
  A slave (D:4)
  3 orc warriors
  A sky beast (D:7)
  3 ogres
  4 ice beasts
  2 centaurs
  5 crocodiles
  12 giant frogs
  4 scorpions
  6 crimson imps
  3 quasits
  A giant frog zombie (D:7)
  Crazy Yiuf (D:2)
  2 jellies
  7 orc wizards
  A centaur skeleton (D:4)
  2 hounds (D:4)
  A giant frog skeleton (D:4)
  3 orc priests
  8 iguanas
  Ijyb (D:2)
  Terence (D:3)
  Natasha (thrice) (D:2)
  5 worker ants
  A sheep (D:8)
  A hound skeleton (D:6)
  9 adders
  4 gnolls (D:7)
  24 river rats
  A shadow imp (D:5)
  12 white imps (Lair:3)
  6 worms
  3 giant geckos
  38 orcs
  7 bats
  5 giant cockroaches
  9 goblins
  10 hobgoblins
  11 jackals
  13 kobolds
  3 quokkas
  2 ball pythons
  2 giant gecko skeletons
  4 giant newts
  2 jackal skeletons (D:4)
  A jackal zombie (D:7)
  11 rats
313 creatures vanquished.

Vanquished Creatures (others)
  A fungus (Lair:3)
  A plant (Lair:1)
2 creatures vanquished.

Grand Total: 315 creatures vanquished

Notes
Turn   | Place    | Note
--------------------------------------------------------------
     0 | D:1      | Tomstefer the Gargoyle Fire Elementalist began the quest for the Orb.
     0 | D:1      | Reached XP level 1. HP: 10/10 MP: 3/3
   297 | D:1      | Reached XP level 2. HP: 9/15 MP: 0/5
   970 | D:1      | Reached XP level 3. HP: 19/19 MP: 2/7
  1368 | D:2      | Found an iron altar of Okawaru.
  1369 | D:2      | Noticed Natasha
  1537 | D:1      | Learned a level 3 spell: Conjure Flame
  1546 | D:2      | Killed Natasha
  1546 | D:2      | Reached XP level 4. HP: 24/24 MP: 2/8
  1598 | D:2      | Noticed Natasha
  1605 | D:2      | Killed Natasha
  1716 | D:2      | Noticed Natasha
  1720 | D:2      | Found a radiant altar of Vehumet.
  1731 | D:2      | Killed Natasha
  1731 | D:2      | Reached XP level 5. HP: 24/28 MP: 2/10
  1779 | D:2      | Became a worshipper of Vehumet
  2100 | D:2      | Found a sparkling altar of Nemelex Xobeh.
  2251 | D:2      | Noticed Ijyb
  2311 | D:2      | Killed Ijyb
  2311 | D:2      | Reached skill level 4 in Fire Magic
  2634 | D:2      | Found a shimmering altar of Xom.
  2682 | D:2      | Found a snail-covered altar of Cheibriados.
  2685 | D:2      | Found a shadowy altar of Dithmenos.
  2688 | D:2      | Found a shattered altar of Ashenzari.
  2712 | D:2      | Found a glowing silver altar of Zin.
  2743 | D:2      | Found a stormy altar of Qazlal.
  2830 | D:2      | Noticed a water elemental
  2830 | D:2      | Noticed a fire elemental
  2831 | D:2      | Noticed an air elemental
  3552 | D:3      | Found an oddly glowing altar of Pakellas.
  4255 | D:3      | Reached XP level 6. HP: 32/32 MP: 4/12
  4433 | D:3      | Noticed Terence
  4444 | D:3      | Killed Terence
  4444 | D:3      | Reached * piety under Vehumet
  4444 | D:3      | Offered knowledge of Sting by Vehumet.
  4451 | D:3      | Learned a level 1 spell: Sting
  4456 | D:3      | Learned a level 4 spell: Sticky Flame
  4885 | D:2      | Noticed Crazy Yiuf
  4908 | D:2      | Killed Crazy Yiuf
  5087 | D:3      | Reached skill level 5 in Armour
  5087 | D:3      | Reached skill level 8 in Spellcasting
  5087 | D:3      | Reached XP level 7. HP: 36/36 MP: 11/18
  5090 | D:3      | Reached skill level 5 in Fighting
  5090 | D:3      | Reached XP level 8. HP: 40/51 MP: 13/20
  5262 | D:4      | Noticed Pikel
  5279 | D:3      | Killed Pikel
  5279 | D:3      | Reached XP level 9. HP: 6/55 MP: 10/21
  5618 | D:4      | Noticed Sigmund
  5670 | D:4      | Killed Sigmund
  5752 | D:4      | Learned a level 5 spell: Fireball
  7417 | D:5      | Entered Level 5 of the Dungeon
  7474 | D:5      | Reached skill level 1 in Maces & Flails
  7539 | D:5      | Noticed Pikaro's ghost (amateur DEWn)
  7562 | D:5      | Found a staircase to the Ecumenical Temple.
  7746 | D:5      | Killed Pikaro's ghost
  8229 | D:5      | Noticed Grinder
  8233 | D:5      | Paralysed by Grinder for 4 turns
  8244 | D:5      | Killed Grinder
  8244 | D:5      | Offered knowledge of Freeze by Vehumet.
  8311 | D:5      | Reached ** piety under Vehumet
  8766 | D:6      | Found a deep blue altar of Sif Muna.
  9349 | D:6      | Found an opulent altar of Gozag.
  9381 | D:6      | Found a blossoming altar of Fedhas.
  9727 | D:6      | Reached XP level 10. HP: 31/60 MP: 13/22
 10714 | D:7      | Offered knowledge of Mephitic Cloud by Vehumet.
 10729 | D:7      | Learned a level 3 spell: Mephitic Cloud
 12287 | D:8      | Found a staircase to the Lair.
 12320 | D:8      | Reached *** piety under Vehumet
 12329 | D:8      | Noticed a death yak
 13084 | D:7      | Killed a death yak
 13084 | D:7      | Reached skill level 5 in Maces & Flails
 13314 | D:8      | Offered knowledge of Static Discharge by Vehumet.
 13528 | Lair:1   | Entered Level 1 of the Lair of Beasts
 13622 | Lair:1   | Reached skill level 5 in Air Magic
 13629 | Lair:1   | Reached XP level 11. HP: 47/66 MP: 12/23
 13953 | Lair:1   | Noticed Fannar
 13967 | Lair:1   | Killed Fannar
 15071 | Lair:1   | Learned a level 3 spell: Static Discharge
 15468 | Lair:1   | Reached **** piety under Vehumet
 15911 | Lair:2   | Reached skill level 5 in Dodging
 15985 | Lair:2   | Offered knowledge of Irradiate by Vehumet.
 16164 | Lair:2   | Found an iron altar of Okawaru.
 16848 | Lair:2   | Reached skill level 9 in Spellcasting
 17004 | Lair:3   | Noticed Prince Ribbit
 17036 | Lair:3   | Killed Prince Ribbit
 17195 | Lair:3   | Reached XP level 12. HP: 42/73 MP: 7/25
 17460 | Lair:3   | Reached ***** piety under Vehumet
 17488 | Lair:3   | Offered knowledge of Lightning Bolt by Vehumet.
 17605 | Lair:2   | Learned a level 5 spell: Lightning Bolt
 17682 | Lair:3   | Found a hole to the Spider Nest.
 19141 | Lair:3   | Found a staircase to the Shoals.
 19500 | Lair:4   | Noticed an eight-headed hydra
 19513 | Lair:4   | Slain by an eight-headed hydra

Vault maps used:
D:1:      shiori_arrival_maze, hangedman_glass_teeth
D:2:      nemelex_altar_shiori, okawaru_metal_pillars_1_2,
          grunt_temple_overflow_diamond, overflow_temple_1_default,
          zin_scriptorium, nicolae_qazlal_style_of_elements,
          overflow_temple_1_default, uniq_natasha, uniq_iyjb,
          uniq_crazy_yiuf_cottage
D:3:      grunt_pakellas_basics, uniq_terence
D:4:      uniq_pikel, uniq_sigmund
D:5:      temple_doors_c, first_bread, uniq_grinder
D:6:      minitemple, lemuel_blue_sif_altar
D:8:      nicolae_tso_besieged_by_evil, dpeg_lair_monsters
Lair:1:   grunt_megastairs_1, infiniplex_staircase_pool, uniq_fannar
Lair:2:   basic_altar
Lair:3:   minmay_shoals_entry_beasts, nicolae_spider_entry_non_spiders,
          portal_ice_cave_entry_imps, cheibrodos_lair_reptile_den,
          uniq_prince_ribbit2
Lair:4:   special_room

Action                   |  1- 3 |  4- 6 |  7- 9 | 10-12 || total
-------------------------+-------+-------+-------+-------++-------
Melee: Dagger            |    31 |       |       |       ||    31
       Unarmed           |     4 |       |       |       ||     4
       Whip              |       |    40 |    83 |   198 ||   321
       Quarterstaff      |       |       |     8 |       ||     8
       Staff             |       |       |       |     1 ||     1
 Cast: Flame Tongue      |    51 |   127 |   137 |   306 ||   621
       Conjure Flame     |       |     6 |     9 |    11 ||    26
       Sting             |       |     1 |     1 |    57 ||    59
       Sticky Flame      |       |       |    12 |    33 ||    45
       Mephitic Cloud    |       |       |       |    30 ||    30
       Fireball          |       |       |       |    30 ||    30
       Static Discharge  |       |       |       |     7 ||     7
       Lightning Bolt    |       |       |       |    10 ||    10
Evoke: Wand              |       |     1 |       |     3 ||     4
  Use: Scroll            |       |     3 |     9 |    13 ||    25
       Potion            |       |     1 |     1 |     3 ||     5
 Stab: Sleeping          |       |       |       |     1 ||     1
  Eat: Chunk             |     2 |    12 |    10 |    17 ||    41
       Fruit             |       |       |     2 |     4 ||     6
       Pizza             |       |       |     2 |     1 ||     3
       Meat ration       |       |       |       |     4 ||     4
       Bread ration      |       |       |       |     1 ||     1
